2909 views
Uploaded 2020-03-07 03:57:50
Game version 1.32.2
17:42 long 2on2 ladder game on (4)HillsbradCreek
Saved by Ben
2909 views
Uploaded 2020-03-07 03:57:50
Game version 1.32.2
17:42 long 2on2 ladder game on (4)HillsbradCreek


74 units @ 11.7k
/ 1.1k
25 buildings @ 3.5k
/ 1.3k


| Potion of Healing | 1 | 150 |
| Scroll of Regeneration | 1 | 100 |
| Scroll of Town Portal | 2 | 700 |
| Healing Salve | 1 | 100 |
| total: | 5 | 1050g |
| Peasant | 7 | 525 | / | 0 |
| Footman | 6 | 810 | / | 0 |
| Rifleman | 22 | 4510 | / | 660 |
| Priest | 8 | 1080 | / | 80 |
| total: | 43 | 6925g | / | 740w |
| Scout Tower | 1 | 30 | / | 20 |
| Arcane Tower | 1 | 70 | / | 50 |
| Altar of Kings | 1 | 180 | / | 50 |
| Barracks | 1 | 160 | / | 60 |
| Farm | 7 | 560 | / | 140 |
| Blacksmith | 1 | 140 | / | 60 |
| Arcane Vault | 1 | 130 | / | 30 |
| Town Hall | 1 | 385 | / | 205 |
| Arcane Sanctum | 1 | 150 | / | 140 |
| Keep | 1 | 320 | / | 210 |
| total: | 14 | 1735g | / | 705w |
| 0:01 | Peasant |
| 0:03 | Altar of Kings |
| 0:05 | Peasant |
| 0:17 | Barracks |
| 0:18 | Peasant |
| 0:25 | Farm |
| 0:37 | Peasant |
| 0:56 | Peasant |
| 1:09 | Peasant |
| 1:19 | Farm |
| 1:21 | Footman |
| 1:41 | Farm |
| 1:57 | Footman |
| 2:06 | Summon Water Elemental |
| 2:13 | Footman |
| 2:25 | Footman |
| 2:26 | Peasant |
| 2:29 | Blacksmith |
| 2:53 | Scout Tower |
| 3:00 | Footman |
| 3:25 | Arcane Tower |
| 3:42 | Footman |
| 3:45 | Rifleman |
| 3:53 | Arcane Vault |
| 4:15 | Rifleman |
| 4:18 | Farm |
| 4:20 | Brilliance Aura |
| 4:50 | Rifleman |
| 5:57 | Rifleman |
| 5:59 | Keep |
| 6:08 | Farm |
| 6:10 | Rifleman |
| 6:26 | Black Gunpowder |
| 6:28 | Healing Salve |
| 6:57 | Rifleman |
| 7:20 | Rifleman |
| 7:52 | Potion of Healing |
| 7:59 | Rifleman |
| 8:10 | Rifleman |
| 8:23 | Summon Water Elemental |
| 8:45 | Rifleman |
| 9:00 | Arcane Sanctum |
| 9:09 | Rifleman |
| 9:34 | Long Rifles |
| 9:38 | Farm |
| 9:40 | Farm |
| 9:56 | Scroll of Town Portal |
| 9:59 | Holy Light |
| 10:17 | Rifleman |
| 10:20 | Priest |
| 10:30 | Rifleman |
| 10:47 | Priest |
| 12:04 | Rifleman |
| 12:04 | Rifleman |
| 12:05 | Brilliance Aura |
| 12:37 | Priest |
| 12:38 | Priest |
| 12:38 | Rifleman |
| 13:01 | Scroll of Regeneration |
| 13:25 | Scroll of Town Portal |
| 13:58 | Rifleman |
| 14:01 | Priest |
| 14:04 | Priest Adept Training |
| 14:20 | Divine Shield |
| 14:36 | Town Hall |
| 14:45 | Rifleman |
| 17:00 | Rifleman |
| 17:00 | Rifleman |
| 17:05 | Holy Light |
| 17:14 | Rifleman |
| 17:16 | Priest |
| 17:16 | Priest |
| 17:33 | Rifleman |
| 17:34 | Priest |
| 17:36 | Refined Gunpowder |
| Right click | 1337 |
| Select group | 425 |
| Select | 402 |
| Build/train/purchase | 96 |
| Assign group | 48 |
| Misc. action | 35 |
| Use ability | 24 |
| Chat | 11 |
| Esc | 3 |
| Item give/drop | 1 |
| Remove unit | 1 |


| Healing Salve | 5 | 500 |
| Scroll of Speed | 3 | 150 |
| Lesser Clarity Potion | 1 | 70 |
| Orb of Lightning | 1 | 375 |
| Potion of Mana | 1 | 200 |
| Scroll of Healing | 1 | 250 |
| Scroll of Town Portal | 1 | 350 |
| Potion of Lesser Invulnerability | 1 | 150 |
| total: | 14 | 2045g |
| Peon | 8 | 600 | / | 0 |
| Grunt | 11 | 2200 | / | 0 |
| Raider | 6 | 1080 | / | 240 |
| Shaman | 5 | 650 | / | 100 |
| Kodo Beast | 1 | 255 | / | 60 |
| total: | 31 | 4785g | / | 400w |
| Altar of Storms | 1 | 180 | / | 50 |
| Orc Burrow | 5 | 800 | / | 200 |
| Barracks | 1 | 180 | / | 50 |
| Voodoo Lounge | 1 | 130 | / | 30 |
| War Mill | 1 | 205 | / | 0 |
| Beastiary | 1 | 145 | / | 140 |
| Spirit Lodge | 1 | 150 | / | 150 |
| Stronghold | 1 | 315 | / | 190 |
| Fortress | 1 | 325 | / | 190 |
| total: | 11 | 1790g | / | 620w |
| 0:02 | Peon |
| 0:02 | Peon |
| 0:06 | Altar of Storms |
| 0:09 | Peon |
| 0:19 | Orc Burrow |
| 0:21 | Peon |
| 0:34 | Barracks |
| 0:43 | Peon |
| 0:58 | Peon |
| 1:16 | Peon |
| 1:31 | Peon |
| 1:34 | Orc Burrow |
| 1:37 | Grunt |
| 1:50 | Voodoo Lounge |
| 2:14 | Wind Walk |
| 2:24 | Grunt |
| 2:42 | Stronghold |
| 3:01 | Healing Salve |
| 3:02 | Scroll of Speed |
| 3:03 | Healing Salve |
| 3:22 | Grunt |
| 3:43 | Orc Burrow |
| 4:26 | Critical Strike |
| 5:56 | Berserker Strength |
| 5:58 | Beastiary |
| 6:00 | Spirit Lodge |
| 6:12 | Scroll of Speed |
| 6:13 | Healing Salve |
| 6:13 | Lesser Clarity Potion |
| 7:04 | Raider |
| 7:04 | Ensnare |
| 7:06 | Grunt |
| 7:11 | Hex |
| 8:11 | Grunt |
| 8:11 | Raider |
| 8:13 | Shaman |
| 8:27 | Critical Strike |
| 8:56 | Grunt |
| 9:20 | Fortress |
| 9:22 | Raider |
| 9:25 | War Mill |
| 9:29 | Orc Burrow |
| 9:49 | Potion of Lesser Invulnerability |
| 9:50 | Scroll of Healing |
| 10:18 | Scroll of Speed |
| 10:19 | Healing Salve |
| 10:30 | Shaman Adept Training |
| 10:34 | Grunt |
| 11:41 | Wind Walk |
| 12:06 | Grunt |
| 12:07 | Kodo Beast |
| 12:07 | War Drums Damage Increase |
| 12:08 | Shaman Master Training |
| 12:09 | Shaman |
| 12:49 | Healing Wave |
| 12:54 | Grunt |
| 13:01 | Steel Armor |
| 13:09 | Healing Salve |
| 13:14 | Orb of Lightning |
| 13:21 | Raider |
| 13:35 | Grunt |
| 14:00 | Raider |
| 14:03 | Shaman |
| 14:27 | Shaman |
| 14:30 | Orc Burrow |
| 15:19 | Scroll of Town Portal |
| 15:23 | Potion of Mana |
| 16:30 | Healing Wave |
| 16:42 | Grunt |
| 16:43 | Raider |
| 16:45 | Shaman |
| Right click | 1174 |
| Select group | 329 |
| Select | 293 |
| Build/train/purchase | 86 |
| Misc. action | 78 |
| Use ability | 40 |
| Assign group | 32 |
| Chat | 11 |
| Remove unit | 2 |
| Item give/drop | 1 |
| Minimap ping | 1 |
81 units @ 12k
/ 2k
26 buildings @ 4.2k
/ 1.5k


| Potion of Healing | 6 | 900 |
| Lesser Clarity Potion | 1 | 70 |
| Potion of Mana | 1 | 200 |
| Staff of Preservation | 2 | 300 |
| Moonstone | 1 | 50 |
| Scroll of Healing | 3 | 750 |
| Potion of Lesser Invulnerability | 1 | 150 |
| Scroll of Protection | 1 | 150 |
| total: | 16 | 2570g |
| Wisp | 16 | 960 | / | 0 |
| Huntress | 8 | 1560 | / | 160 |
| Dryad | 20 | 2900 | / | 1200 |
| total: | 44 | 5420g | / | 1360w |
| Altar of Elders | 1 | 180 | / | 50 |
| Moon Well | 8 | 1440 | / | 320 |
| Ancient of War | 1 | 150 | / | 60 |
| Hunter's Hall | 1 | 210 | / | 100 |
| Ancient of Wonders | 2 | 180 | / | 60 |
| Ancient of Lore | 2 | 310 | / | 290 |
| Tree of Ages | 2 | 640 | / | 360 |
| total: | 15 | 2470g | / | 880w |
| 0:01 | Wisp |
| 0:01 | Wisp |
| 0:05 | Altar of Elders |
| 0:16 | Moon Well |
| 0:22 | Wisp |
| 0:27 | Wisp |
| 0:27 | Wisp |
| 0:56 | Wisp |
| 1:03 | Wisp |
| 1:10 | Wisp |
| 1:15 | Wisp |
| 1:29 | Wisp |
| 1:45 | Ancient of War |
| 1:47 | Hunter's Hall |
| 1:54 | Wisp |
| 2:01 | Moon Well |
| 2:15 | Mana Burn |
| 2:19 | Wisp |
| 2:20 | Wisp |
| 2:57 | Tree of Ages |
| 3:00 | Huntress |
| 3:00 | Huntress |
| 3:00 | Huntress |
| 3:18 | Moon Well |
| 3:43 | Huntress |
| 3:46 | Ancient of Wonders |
| 4:10 | Huntress |
| 4:10 | Huntress |
| 4:11 | Huntress |
| 4:42 | Huntress |
| 5:18 | Potion of Healing |
| 5:54 | Ancient of Lore |
| 5:55 | Wisp |
| 5:55 | Wisp |
| 6:00 | Ancient of Lore |
| 6:20 | Moon Well |
| 6:35 | Breath of Fire |
| 6:35 | Breath of Fire |
| 7:36 | Dryad |
| 7:36 | Dryad |
| 7:36 | Dryad |
| 8:00 | Evasion |
| 8:06 | Dryad |
| 8:06 | Dryad |
| 8:07 | Dryad |
| 8:07 | Dryad |
| 8:37 | Dryad |
| 8:43 | Abolish Magic |
| 9:44 | Lesser Clarity Potion |
| 9:45 | Potion of Mana |
| 9:45 | Potion of Healing |
| 9:45 | Staff of Preservation |
| 9:47 | Moonstone |
| 9:59 | Mana Burn |
| 10:05 | Staff of Preservation |
| 10:14 | Potion of Healing |
| 10:14 | Potion of Healing |
| 10:15 | Potion of Healing |
| 10:47 | Scroll of Healing |
| 10:47 | Scroll of Healing |
| 10:52 | Drunken Haze |
| 11:05 | Moon Well |
| 11:19 | Moon Well |
| 12:19 | Evasion |
| 12:21 | Dryad |
| 12:21 | Dryad |
| 12:49 | Dryad |
| 12:58 | Ancient of Wonders |
| 12:59 | Wisp |
| 13:54 | Moon Well |
| 14:01 | Scroll of Healing |
| 14:01 | Potion of Lesser Invulnerability |
| 14:04 | Scroll of Protection |
| 14:17 | Breath of Fire |
| 14:25 | Strength of the Wild |
| 14:25 | Improved Strength of the Wild |
| 14:26 | Ultravision |
| 14:43 | Potion of Healing |
| 15:01 | Dryad |
| 15:29 | Dryad |
| 15:36 | Moon Well |
| 16:11 | Dryad |
| 16:11 | Dryad |
| 16:59 | Dryad |
| 16:59 | Dryad |
| 17:18 | Drunken Haze |
| 17:26 | Dryad |
| 17:26 | Dryad |
| 17:29 | Mana Burn |
| 17:36 | Dryad |
| Select group | 1241 |
| Right click | 997 |
| Select | 487 |
| Misc. action | 473 |
| Use ability | 126 |
| Build/train/purchase | 107 |
| Assign group | 42 |
| Minimap ping | 4 |
| Resource trade | 4 |
| Item give/drop | 3 |
| Remove unit | 2 |


| Healing Salve | 9 | 900 |
| Potion of Healing | 1 | 150 |
| Scroll of Speed | 2 | 100 |
| Lesser Clarity Potion | 1 | 70 |
| Scroll of Healing | 5 | 1250 |
| Scroll of Town Portal | 1 | 350 |
| Dust of Appearance | 1 | 75 |
| total: | 20 | 2895g |
| Peon | 7 | 525 | / | 0 |
| Grunt | 16 | 3200 | / | 0 |
| Raider | 6 | 1080 | / | 240 |
| Spirit Walker | 4 | 780 | / | 140 |
| Kodo Beast | 4 | 1020 | / | 240 |
| total: | 37 | 6605g | / | 620w |
| Altar of Storms | 1 | 180 | / | 50 |
| Orc Burrow | 5 | 800 | / | 200 |
| Barracks | 1 | 180 | / | 50 |
| Voodoo Lounge | 1 | 130 | / | 30 |
| War Mill | 1 | 205 | / | 0 |
| Beastiary | 1 | 145 | / | 140 |
| Tauren Totem | 1 | 135 | / | 155 |
| Stronghold | 3 | 945 | / | 570 |
| total: | 11 | 1775g | / | 625w |
| 0:01 | Peon |
| 0:02 | Peon |
| 0:05 | Altar of Storms |
| 0:18 | Orc Burrow |
| 0:29 | Peon |
| 0:35 | Peon |
| 0:48 | Barracks |
| 0:55 | Peon |
| 1:06 | Peon |
| 1:26 | Orc Burrow |
| 1:39 | Peon |
| 1:49 | Grunt |
| 1:49 | Grunt |
| 1:49 | Grunt |
| 1:53 | Voodoo Lounge |
| 2:08 | Wind Walk |
| 2:13 | Grunt |
| 2:13 | Grunt |
| 2:50 | Stronghold |
| 2:51 | Stronghold |
| 3:03 | Grunt |
| 3:41 | Grunt |
| 3:52 | Orc Burrow |
| 4:03 | Healing Salve |
| 4:03 | Healing Salve |
| 4:04 | Healing Salve |
| 4:11 | Grunt |
| 4:25 | Orc Burrow |
| 5:34 | Beastiary |
| 5:51 | Potion of Healing |
| 5:52 | Scroll of Speed |
| 5:58 | Tauren Totem |
| 6:34 | Healing Salve |
| 6:36 | Hex |
| 6:42 | Orc Burrow |
| 6:49 | Raider |
| 6:50 | Ensnare |
| 7:12 | Grunt |
| 7:21 | Critical Strike |
| 8:16 | Scroll of Healing |
| 8:58 | Grunt |
| 8:59 | Raider |
| 9:00 | Spirit Walker |
| 9:19 | War Mill |
| 9:24 | Grunt |
| 9:46 | Spirit Walker |
| 10:08 | Scroll of Speed |
| 10:13 | Healing Salve |
| 10:13 | Healing Salve |
| 10:13 | Healing Salve |
| 10:38 | Kodo Beast |
| 10:55 | Berserker Strength |
| 11:23 | Raider |
| 11:24 | Spirit Walker Adept Training |
| 11:24 | Spirit Walker Master Training |
| 11:53 | Healing Wave |
| 11:53 | Healing Wave |
| 12:22 | Critical Strike |
| 12:58 | Grunt |
| 12:58 | Raider |
| 13:00 | Spirit Walker |
| 13:16 | Lesser Clarity Potion |
| 13:17 | Scroll of Town Portal |
| 13:19 | Healing Salve |
| 13:19 | Healing Salve |
| 13:37 | Grunt |
| 13:59 | Kodo Beast |
| 14:00 | Kodo Beast |
| 14:00 | Kodo Beast |
| 14:11 | Healing Wave |
| 14:19 | Grunt |
| 14:48 | Steel Armor |
| 15:25 | Scroll of Healing |
| 15:25 | Scroll of Healing |
| 15:25 | Scroll of Healing |
| 15:26 | Scroll of Healing |
| 15:27 | Dust of Appearance |
| 16:48 | Grunt |
| 16:49 | Raider |
| 16:51 | Spirit Walker |
| 16:57 | Hex |
| 17:41 | Grunt |
| 17:41 | Raider |
| Right click | 977 |
| Select | 604 |
| Misc. action | 307 |
| Assign group | 255 |
| Select group | 145 |
| Build/train/purchase | 121 |
| Use ability | 63 |
| Minimap ping | 1 |
⇛